 Dungeon Crawl Stone Soup version 0.31.0-32-g396128a36d (webtiles) character file.

Game seed: 15938284824184770127

488 Tovical the Cudgeller (level 7, -2/44 HPs)
             Began as a Gargoyle Gladiator on Mar 23, 2024.
             Slain by an orc warrior
             ... wielding a +0 battleaxe
              (5 damage)
             ... on level 5 of the Dungeon.
             The game lasted 00:10:36 (3199 turns).

Tovical the Cudgeller (Gargoyle Gladiator)          Turns: 3199, Time: 00:10:37

Health: -2/44      AC: 17    Str: 20    XL:     7   Next: 13%
Magic:  7/7        EV:  8    Int:  8    God:
Gold:   151        SH:  0    Dex: 11    Spells: 6/6 levels left

rFire   + . .        a - +0 flail
rCold   . . .        (no shield)
rNeg    + . .        g - +2 chain mail {rF+}
rPois   ∞            c - +0 helmet
rElec   +            (no cloak)
rCorr   .            f - +1 pair of gloves
SInv    .            (no boots)
Will    +....        (no amulet) Stlth
                     k - ring of willpower
HPRegen 0.27/turn    (no ring)
MPRegen 0.10/turn

%: no passive effects
@: no status effects
A: sickness immunity, AC +4, negative energy resistance 1, electricity
resistance, torment resistance 1, petrification resistance
a: no special abilities


You were on level 5 of the Dungeon.
You visited 1 branch of the dungeon, and saw 5 of its levels.

You collected 151 gold pieces.

Inventory:

Hand Weapons
 a - a +0 flail (weapon)
Missiles
 d - 4 throwing nets
 e - a javelin
 l - 3 poisoned darts (quivered)
Armour
 c - a +0 helmet (worn)
 f - a +1 pair of gloves (worn)
 g - a +2 chain mail of fire resistance (worn)
Jewellery
 k - a ring of willpower (left hand)
Wands
 n - a wand of iceblast (7)
Potions
 b - 3 potions of curing
 h - a potion of ambrosia
 j - a potion of heal wounds {unknown}
 m - a potion of invisibility


   Skills:
 + Level 4.8 Fighting
 + Level 5.2 Maces & Flails
 + Level 4.2 Throwing
 - Level 2.4 Dodging


You had 6 spell levels left.
You didn't know any spells.
Your spell library was empty.

Dungeon Overview and Level Annotations

Branches:
Dungeon (5/15)
 Temple: D:4-7

Altars:
Nemelex Xobeh
Okawaru


Innate Abilities, Weirdness & Mutations

You are immune to sickness and miasma.
Your stone body is resilient. (AC +4)
You are immune to poison.
You resist negative energy. (rN+)
You are resistant to electric shocks. (rElec)
You are resistant to unholy torment.
You are immune to petrification.


Message History

You hit the orc warrior but do no damage.
The orc warrior is lightly wounded.
The orc warrior hits you with a +0 battleaxe!
The orc warrior closely misses you.
You hit the orc warrior but do no damage.
Your punch misses the orc warrior.
The orc warrior is lightly wounded.
The orc warrior hits you with a +0 battleaxe.
You hit the orc warrior but do no damage.
The orc warrior is lightly wounded.
The orc warrior hits you with a +0 battleaxe.
You hit the orc warrior but do no damage.
The orc warrior is lightly wounded.
The orc warrior hits you with a +0 battleaxe.
You hit the orc warrior but do no damage.
The orc warrior is lightly wounded.
The orc warrior hits you with a +0 battleaxe.
You are too injured to fight recklessly!
You are too injured to fight recklessly!
You are too injured to fight recklessly!
You barely miss the orc warrior.
The orc warrior is lightly wounded.
The orc warrior barely misses you.
You hit the orc warrior but do no damage.
The orc warrior is lightly wounded.
The orc warrior hits you but does no damage.
You barely miss the orc warrior.
The orc warrior is lightly wounded.
The orc warrior barely misses you.
You barely miss the orc warrior.
The orc warrior is lightly wounded.
The orc warrior hits you with a +0 battleaxe!
You sock the orc warrior!
The orc warrior is heavily wounded.
A hound comes into view.
An orc comes into view. It is wielding a +0 dagger.
The orc warrior hits you with a +0 battleaxe!
* * * LOW HITPOINT WARNING * * *
The orc warrior hits you with a +0 battleaxe.
You die...

....##....................#
+#####....................#
.................##....##
.................##....##
........................#
........................#
........................#
.........†..............#
..............@.....h..##
#+##.........o.........#
#......................
#....####.....##o...##..
###### #.....##'#### .
#.......# #.......#
#.......#


You could see an orc warrior, a hound (wandering) and an orc (wandering).

Vanquished Creatures
  A black bear (D:5)
  A phantom (D:5)
  A howler monkey (D:5)
  A bombardier beetle (D:3)
  An orc wizard (D:4)
  An iguana (D:4)
  8 gnolls
  3 adders
  2 dart slugs
  2 ribbon worms
  8 orcs
  5 ball pythons
  7 endoplasms
  5 giant cockroaches
  6 goblins
  10 hobgoblins
  4 jackals (D:3)
  8 kobolds
  6 quokkas
  4 bats (D:1)
  A frilled lizard (D:1)
  5 rats
90 creatures vanquished.

Notes
Turn   | Place    | Note
-------+----------+-------------------------------------------
     0 | D:1      | Tovical the Gargoyle Gladiator began the quest for the Orb.
     0 | D:1      | Reached XP level 1. HP: 12/12 MP: 1/1
   159 | D:1      | Reached XP level 2. HP: 8/17 MP: 2/2
   695 | D:1      | Reached XP level 3. HP: 22/22 MP: 3/3
  1350 | D:2      | Reached XP level 4. HP: 25/27 MP: 4/4
  1595 | D:2      | Found a faded altar of an unknown god.
  1753 | D:3      | Reached skill level 4 in Maces & Flails
  1872 | D:3      | Reached XP level 5. HP: 32/32 MP: 5/5
  1876 | D:3      | Found a sparkling altar of Nemelex Xobeh.
  1953 | D:3      | Found an iron altar of Okawaru.
  2669 | D:5      | Entered Level 5 of the Dungeon
  2707 | D:4      | Reached XP level 6. HP: 38/38 MP: 6/6
  2988 | D:4      | You fall into a shaft and drop 1 floor!
  3073 | D:5      | Noticed a black bear
  3085 | D:5      | Reached skill level 5 in Maces & Flails
  3090 | D:5      | Killed a black bear
  3091 | D:5      | Reached XP level 7. HP: 18/44 MP: 7/7
  3199 | D:5      | Slain by an orc warrior

Illustrated notes

Levels and vault maps discovered:
D:1:      dpeg_arrival_three_bigger_balls, layout_loops_corners
D:2:      layout_basic, shapermc_ecumenical_altar_totnotflames,
          kennysheep_generic_room_8
D:3:      layout_rooms, mainiacjoe_overflow_chevrons,
          mainiacjoe_overflow_cross_hatched, minmay_hedge_maze
D:4:      layout_basic, serial_shops, kennysheep_mini
D:5:      layout_gridville, kiku_gazebo_garden_becter, vehumet_crystals,
          mainiacjoe_overflow_surrounded_room

Skill      XL: |  1  2  3  4  5  6 |
---------------+-------------------+-----
Throwing       | 2 3 4 |  4.2
Fighting       | 3 4 |  4.8
Maces & Flails | 4 5 |  5.2
Dodging        | |  2.4

Action                     |  1- 3 |  4- 6 |  7- 9 || total
---------------------------+-------+-------+-------++-------
  Melee: Flail             |   131 |   172 |    13 ||   316
         Punch             |     2 |     3 |       ||     5
  Throw: Javelin           |     1 |       |       ||     1
         Throwing net      |     1 |     1 |       ||     2
         Dart              |       |    11 |       ||    11
  Evoke: Wand              |       |     4 |       ||     4
    Use: Potion            |     1 |     2 |       ||     3
         Scroll            |       |     8 |       ||     8
   Stab: Invisible         |       |     2 |       ||     2
         Held in net/web   |       |     1 |       ||     1
 Armour: Leather armour    |    26 |       |       ||    26
         Chain mail        |    92 |   175 |    12 ||   279
  Dodge: Dodged            |    70 |    91 |     4 ||   165
